 Dungeon Crawl Stone Soup version 0.18.1-48-g4cf74bf (webtiles) character file.

132 WarriorsX the Skirmisher (level 5, 0/43 HPs)
             Began as a Human Fighter on July 25, 2016.
             Succumbed to a water moccasin's poison
             ... on level 4 of the Dungeon.
             The game lasted 00:09:41 (2297 turns).

WarriorsX the Skirmisher (Human Fighter)            Turns: 2297, Time: 00:09:42

Health: 0/43       AC:  6    Str: 16 (17) XL:     5   Next: 38%
Magic:  5/5        EV: 10    Int:  7 (8)  God:
Gold:   299        SH:  4    Dex: 12 (13) Spells: 0 memorised, 4 levels left

rFire  . . .     SeeInvis .     k - +0 great mace
rCold  . . .     Gourm    .     b - +0 scale mail
rNeg   . . .     Faith    .     (shield currently unavailable)
rPois  .         Spirit   .     (no helmet)
rElec  .         Dismiss  .     (no cloak)
rCorr  .         Reflect  +     (no gloves)
SustAt +         Harm     .     (no boots)
MR     .....                    n - +4 amulet of reflection
Stlth  ..........               t - ring of sustain attributes
                                q - ring of flight

@: lethally poisoned (0 -> -27), not resistant to hostile enchantments,
extremely unstealthy
A: no striking features
a: Evoke Flight


You were on level 4 of the Dungeon.
You were hungry.

You visited 1 branch of the dungeon, and saw 4 of its levels.

You collected 299 gold pieces.

Inventory:

Hand Weapons
 a - a +0 war axe
 k - a +0 great mace (weapon)
 w - a +0 great sword
Armour
 b - a +0 scale mail (worn)
 c - a +0 shield
Jewellery
 i - an uncursed amulet of magic regeneration
 n - a +4 amulet of reflection (around neck)
 q - a ring of flight (left hand)
 t - a ring of sustain attributes (right hand)
 v - an uncursed amulet of dismissal {unknown}
Scrolls
 h - a scroll of blinking
 l - 2 scrolls of fog
 o - a scroll of identify
 r - a scroll of remove curse
 s - a scroll of amnesia {unknown}
Potions
 d - a potion of might
 e - 2 potions of agility
 j - a potion of curing
 m - a potion of heal wounds
 u - a potion of flight {unknown}
 x - a potion of berserk rage {unknown}
Comestibles
 f - 3 bread rations
 g - 3 beef jerkies
 p - a meat ration


   Skills:
 * Level 4.6 Fighting
 - Level 2.3(2.6) Axes
 + Level 1.6(2.2) Maces & Flails
 - Level 3.0 Armour
 + Level 1.8 Dodging
 - Level 3.0 Shields


You had 4 spell levels left.
You didn't know any spells.

Dungeon Overview and Level Annotations

Branches:
Dungeon (4/15)
 Temple: D:4-7

Altars:
Cheibriados
Dithmenos
Elyvilon
Gozag
Makhleb
Vehumet
Xom
The Shining One


Message History

Your scale mail prevents you from hitting the water moccasin.
The water moccasin is lightly wounded.
You feel sick. You block the water moccasin's attack.
The water moccasin closely misses you. The water moccasin bites you.
You are lethally poisoned!
The water moccasin poisons you!
You miss the water moccasin.
The water moccasin is lightly wounded.
You feel very sick. The water moccasin bites you.
The water moccasin barely misses you.
You barely miss the water moccasin.
The water moccasin is lightly wounded.
* * * LOW HITPOINT WARNING * * *
You feel very sick. The water moccasin bites you!
* * * LOW HITPOINT WARNING * * *
You are more poisoned.
The water moccasin poisons you! The water moccasin bites you.
* * * LOW HITPOINT WARNING * * *
You die...

### #..
#.# #.#
#.# #.#
#S#
#####.#
#...@.#
#.#####
###
#.######
..# #
#......#
#.##.#
######.#
.... #.#
#.# #.#
..## #.#
...####
#.#


You could see a water moccasin.

Vanquished Creatures
  A worker ant (D:4)
  An adder (D:3)
  3 oozes
  A worm (D:2)
  3 dart slugs (D:1)
  3 giant geckos
  3 orcs (D:3)
  8 bats
  4 giant cockroaches
  8 goblins
  7 hobgoblins
  3 jackals (D:2)
  10 kobolds
  2 quokkas (D:3)
  4 giant newts
  7 rats
68 creatures vanquished.

Notes
Turn   | Place    | Note
--------------------------------------------------------------
     0 | D:1      | WarriorsX the Human Fighter began the quest for the Orb.
     0 | D:1      | Reached XP level 1. HP: 18/18 MP: 1/1
    33 | D:1      | Reached XP level 2. HP: 24/24 MP: 2/2
   323 | D:1      | Reached XP level 3. HP: 30/30 MP: 3/3
   533 | D:1      | Reached skill level 4 in Fighting
   746 | D:2      | Reached XP level 4. HP: 36/37 MP: 4/4
   750 | D:2      | Reached skill level 1 in Dodging
   765 | D:2      | Found an opulent altar of Gozag.
  1583 | D:3      | Found a shadowy altar of Dithmenos.
  1588 | D:3      | Reached skill level 1 in Maces & Flails
  1603 | D:3      | Reached XP level 5. HP: 40/43 MP: 5/5
  1920 | D:4      | Found a snail-covered altar of Cheibriados.
  1921 | D:4      | Found a white marble altar of Elyvilon.
  1921 | D:4      | Found a burning altar of Makhleb.
  1921 | D:4      | Found a shimmering altar of Xom.
  1923 | D:4      | Found a glowing golden altar of the Shining One.
  1923 | D:4      | Found a radiant altar of Vehumet.
  2289 | D:4      | Noticed a water moccasin
  2296 | D:4      | HP: 2/43 [water moccasin (1)]
  2297 | D:4      | Succumbed to a water moccasin's poison

Skill      XL: |  1  2  3  4 |
---------------+-------------+-----
Fighting       | 4 |  4.6
Dodging        | 1 |  1.8
Maces & Flails | 1 |  1.6
Axes           | |  2.3
Armour         | |  3.0
Shields        | |  3.0

Action                   |  1- 3 |  4- 6 || total
-------------------------+-------+-------++-------
Melee: War axe           |    74 |       ||    74
       Great mace        |    12 |   117 ||   129
  Use: Scroll            |       |     6 ||     6
       Potion            |       |     6 ||     6
  Eat: Chunk             |       |     4 ||     4
Armor: Scale mail        |    38 |    62 ||   100
Dodge: Dodged            |    28 |    69 ||    97
Block: Shield            |    36 |       ||    36
       Other             |       |    21 ||    21
       Reflection        |       |     1 ||     1
